 Dungeon Crawl Stone Soup version 0.22.0-27-ga576289 (webtiles) character file.

1724 shmeve the Skirmisher (level 8, -6/74 HPs)
             Began as a Minotaur Berserker on Aug 22, 2018.
             Was a Priest of Trog.
             Mangled by an orc warrior
             ... wielding a +0 battleaxe
              (11 damage)
             ... on level 6 of the Dungeon.
             The game lasted 00:10:47 (4777 turns).

shmeve the Skirmisher (Minotaur Berserker)          Turns: 4777, Time: 00:10:48

Health: -6/74      AC: 15    Str: 25    XL:     8   Next: 75%
Magic:  7/7        EV: 10    Int:  4    God:    Trog [***...]
Gold:   268        SH:  0    Dex:  9    Spells: 7/7 levels left

rFire    . . .     SeeInvis .   a - +0 hand axe
rCold    . . .     Gourm    .   (no shield)
rNeg     . . .     Faith    .   o - +0 chain mail
rPois    .         Spirit   .   (helmet restricted)
rElec    .         Reflect  .   u - +1 cloak
rCorr    .         Harm     .   (no gloves)
MR       ++...                  (no boots)
Stlth    ..........             (no amulet)
HPRegen  1.22/turn              (no ring)
MPRegen  0.10/turn              f - +3 ring of protection

@: lethally poisoned (-6 -> -7), berserk cooldown, regenerating, slowed, very
slow
A: retaliatory headbutt, horns 2
a: Berserk, Trog's Hand, Renounce Religion


You were on level 6 of the Dungeon.
You worshipped Trog.
Trog was most pleased with you.
You were not hungry.

You visited 1 branch of the dungeon, and saw 6 of its levels.

You collected 268 gold pieces.

Inventory:

Hand Weapons
 a - a +0 hand axe (weapon)
Missiles
 l - 12 javelins (quivered)
 w - 3 poisoned javelins
Armour
 o - a +0 chain mail (worn)
 u - a +1 cloak (worn)
Jewellery
 f - a +3 ring of protection (right hand)
Scrolls
 b - a scroll of blinking {unknown}
 i - 6 scrolls of identify
 j - 2 scrolls of teleportation {unknown}
 m - 4 scrolls of remove curse
 n - a scroll of amnesia {unknown}
 q - a scroll of fog {unknown}
 s - a scroll of immolation {unknown}
 v - a scroll of magic mapping {unknown}
Potions
 d - a potion of magic {unknown}
 e - a potion of flight {unknown}
 g - 4 potions of curing
 h - 2 potions of lignification {unknown}
 k - 2 potions of brilliance {unknown}
 r - 3 potions of haste {unknown}
 t - a potion of ambrosia {unknown}
 x - a potion of cancellation {unknown}
Comestibles
 c - 10 rations


   Skills:
 * Level 7.7 Fighting
 * Level 7.7 Axes
 * Level 5.4 Throwing
 + Level 5.1 Armour
 + Level 4.7 Dodging


You had 7 spell levels left.
You didn't know any spells.
Your spell library was empty.

Dungeon Overview and Level Annotations

Branches:
Dungeon (6/15)
 Temple: D:4-7

Altars:
The Shining One

Shops:
D:4 }


Innate Abilities, Weirdness & Mutations

You reflexively headbutt those who attack you in melee.
You have a pair of horns on your head.


Message History

The orc priest is heavily wounded.
You barely miss the worker ant. You hit the orc warrior.
You closely miss something. You hit the orc.
You feel sick. Something hits you but does no damage.
The orc closely misses you. The worker ant barely misses you.
You furiously retaliate!
You headbutt the worker ant, but do no damage.
The orc priest calls upon Beogh to heal the orc warrior.
The orc warrior's wounds heal themselves!
An orc comes into view. It is wielding a club.
Something hits you but does no damage.
You hit the orc priest.
The orc priest is severely wounded.
You hit the worker ant.
You hit the orc warrior but do no damage.
You miss something. You closely miss the orc.
You feel the effects of Trog's Hand fading.
You feel sick.
The worker ant bites you but does no damage.
The orc warrior hits you with a battleaxe!
You die...

#######........#
##....##........#
....#.##........#
##..#.##.......≈#
##..#.##.......?# .
....#.##........### ...
#...#..#.....†.){o#.....
....##.#.......)@oo.#
..............).oa...o..
..#.##......####..#.#...
###......#### #### .. .
.##....... ##
..##.....## #.##.....#
##.....# ###.###


You could see an orc warrior, a worker ant, an orc priest and 3 orcs.

Vanquished Creatures
  Grinder (D:6)
  A water moccasin (D:6)
  A sky beast (D:6)
  An ice beast (D:4)
  A centaur (D:5)
  Blork the orc (D:5)
  A scorpion (D:4)
  5 wights (D:6)
  A crimson imp (D:5)
  2 hounds (D:4)
  A gnoll shaman (D:5)
  A jelly (D:6)
  An orc priest (D:4)
  10 worker ants
  4 orc wizards
  9 adders
  12 gnolls
  An ooze (D:4)
  3 worms
  3 dart slugs
  A leopard gecko (D:4)
  10 orcs
  A ball python (D:4)
  6 bats
  6 giant cockroaches
  5 goblins
  4 hobgoblins
  11 jackals
  12 frilled lizards
  7 kobolds
  A quokka skeleton (D:4)
  8 rats
  A plant (D:1)
133 creatures vanquished.

Notes
Turn   | Place    | Note
-------+----------+-------------------------------------------
     0 | D:1      | shmeve the Minotaur Berserker began the quest for the Orb.
     0 | D:1      | Reached XP level 1. HP: 19/19 MP: 0/0
    86 | D:1      | Reached XP level 2. HP: 20/27 MP: 1/1
   376 | D:1      | Reached skill level 1 in Throwing
   438 | D:1      | Reached ** piety under Trog
   456 | D:1      | Reached XP level 3. HP: 31/33 MP: 2/2
   760 | D:2      | Reached XP level 4. HP: 9/41 MP: 3/3
  1080 | D:2      | Found a glowing golden altar of the Shining One.
  1664 | D:3      | Reached XP level 5. HP: 12/47 MP: 4/4
  2128 | D:3      | Reached *** piety under Trog
  2486 | D:4      | Reached skill level 5 in Fighting
  2486 | D:4      | Reached skill level 5 in Axes
  2729 | D:4      | Reached XP level 6. HP: 56/56 MP: 5/5
  3039 | D:4      | Noticed an ice beast
  3044 | D:4      | Killed an ice beast
  3195 | D:4      | Reached XP level 7. HP: 43/62 MP: 6/6
  3484 | D:4      | Found Gunoxef's Gadget Boutique.
  3990 | D:5      | Entered Level 5 of the Dungeon
  4049 | D:5      | Noticed Blork the orc
  4060 | D:5      | Killed Blork the orc
  4383 | D:5      | Reached **** piety under Trog
  4383 | D:5      | Received a gift from Trog
  4556 | D:5      | Reached XP level 8. HP: 59/71 MP: 7/7
  4725 | D:6      | Noticed Grinder
  4738 | D:6      | Killed Grinder
  4738 | D:6      | Reached skill level 5 in Throwing
  4741 | D:6      | Reached skill level 5 in Armour
  4777 | D:6      | Mangled by an orc warrior

Skill      XL: |  1  2  3  4  5  6  7  8 |
---------------+-------------------------+-----
Fighting       | 4 5 6 7 |  7.7
Throwing       | 1 2 3 4 5 |  5.4
Axes           | 4 5 6 7 |  7.7
Armour         | 3 4 5 |  5.1
Dodging        | 3 4 |  4.7

Action                   |  1- 3 |  4- 6 |  7- 9 || total
-------------------------+-------+-------+-------++-------
Melee: Hand axe          |    77 |   132 |   132 ||   341
       Headbutt          |    14 |    21 |    22 ||    57
Throw: Javelin           |       |     1 |     2 ||     3
Invok: Berserk           |     1 |     1 |     3 ||     5
       Trog's Hand       |       |       |     2 ||     2
  Use: Scroll            |     2 |       |       ||     2
       Potion            |       |       |     2 ||     2
  Eat: Chunk             |       |     9 |     7 ||    16
       Ration            |       |       |     1 ||     1
Armor: Animal skin       |     8 |    10 |       ||    18
       Chain mail        |       |    43 |   125 ||   168
Dodge: Dodged            |    54 |    66 |    83 ||   203
